 Dungeon Crawl Stone Soup version 0.30-b1-5-g8e6c1be481 (webtiles) character file.

Game seed: 1138299362680432174

91 KittyFluff the Cudgeller (level 4, -15/43 HPs)
             Began as a Gargoyle Berserker on May 4, 2023.
             Was a Believer of Trog.
             Killed from afar by Robin (18 damage)
             ... with a bolt of light
             ... on level 2 of the Dungeon.
             The game lasted 00:07:15 (1620 turns).

KittyFluff the Cudgeller (Gargoyle Berserker)       Turns: 1620, Time: 00:07:15

Health: -15/43     AC: 10    Str: 21    XL:     4   Next: 57%
Magic:  4/4        EV: 11    Int:  7    God:    Trog [**....]
Gold:   170        SH:  3    Dex: 11    Spells: 3/3 levels left

rFire   . . .        a - +0 mace
rCold   . . .        d - +0 buckler
rNeg    + . .        j - +0 leather armour
rPois   ∞            (no helmet)
rElec   +            (no cloak)
rCorr   .            l - +2 pair of gloves
SInv    .            (no boots)
Will    .....        (no amulet) Stlth
                     (no ring)
HPRegen 0.27/turn    (no ring)
MPRegen 0.09/turn

%: no passive effects
@: berserking (expiring), very quick
A: sickness immunity, AC +3, negative energy resistance 1, electricity
resistance, torment resistance 1, petrification resistance
a: Renounce Religion, Berserk, Trog's Hand


You were on level 2 of the Dungeon.
You worshipped Trog.
Trog was pleased with you.
You visited 1 branch of the dungeon, and saw 2 of its levels.

You collected 170 gold pieces.

Inventory:

Hand Weapons
 a - a +0 mace (weapon)
Armour
 d - a +0 buckler (worn)
 j - a +0 leather armour (worn)
 l - a +2 pair of gloves (worn)
Wands
 g - a wand of polymorph (7)
Scrolls
 e - a scroll of immolation {unknown}
 f - a scroll of enchant weapon {unknown}
 i - a scroll of enchant armour {unknown}
 k - a scroll of identify {unknown}
Potions
 b - a potion of invisibility {unknown}
 c - 3 potions of curing {unknown}
 h - a potion of heal wounds {unknown}
 m - a potion of magic {unknown}


   Skills:
 + Level 3.8 Fighting
 + Level 4.2 Maces & Flails
 * Level 2.7 Armour
 + Level 2.0 Dodging
 + Level 0.1 Stealth
 + Level 0.4 Shields


You had 3 spell levels left.
You didn't know any spells.
Your spell library was empty.

Dungeon Overview and Level Annotations

Branches:
Dungeon (2/15)

Altars:

Annotations:
D:2 Robin


Innate Abilities, Weirdness & Mutations

You are immune to sickness and miasma.
Your stone body is resilient. (AC +3)
You are immune to poison.
You resist negative energy. (rN+)
You are resistant to electric shocks. (rElec)
You are resistant to unholy torment.
You are immune to petrification.


Message History

Robin hits you from afar with a +3 spear of venom.
* * * LOW HITPOINT WARNING * * *
The goblin barely misses you. The goblin hits you but does no damage.
You sock the goblin!
You kill the goblin!
Trog accepts your kill. Robin hits you but does no damage.
You block the goblin's attack. Robin hits you but does no damage.
Things that are here:
a +0 club; a +0 club; a goblin corpse You hit Robin.
Robin is lightly wounded.
Robin's horned helmet rattles.
Robin hits you with a +3 spear of venom.
* * * LOW HITPOINT WARNING * * *
The goblin hits you but does no damage.
You barely miss Robin.
Robin is lightly wounded.
You hit Robin.
Robin is heavily wounded.
You block Robin's attack. The goblin hits you but does no damage.
You hit Robin.
Robin is almost dead.
Robin hits you but does no damage. The goblin hits you but does no damage.
You hit Robin.
Robin is almost dead.
Robin hits you with a +3 spear of venom.
* * * LOW HITPOINT WARNING * * *
The goblin hits you with a +0 dagger.
* * * LOW HITPOINT WARNING * * *
You hit Robin but do no damage.
Robin is almost dead.
The goblin no longer looks unusually strong.
Robin zaps a wand.
The bolt of light misses you.
The bolt of light hits the goblin!
The goblin dies!
You hit Robin.
Robin is almost dead.
Robin zaps a wand.
The bolt of light hits you!!
You die...

######## #......# .#############
#......# ......g@))...# # #.....
#......# ############.# .# #.....
#......###............#..# #.....
.........................# #.....
.......###..............## #.....
..........#......................
.........##.################.....
.#.......##.# .###.....##.#


You could see Robin.

Vanquished Creatures
  Terence (D:2)
  An adder (D:2)
  A worm (D:2)
  6 ball pythons
  4 endoplasms
  2 giant cockroaches
  7 goblins
  7 hobgoblins
  3 jackals (D:2)
  A quokka (D:2)
  A bat (D:1)
  2 frilled lizards
  4 kobolds
  8 rats
48 creatures vanquished.

Vanquished Creatures (others)
  A goblin (D:2)
1 creature vanquished.

Grand Total: 49 creatures vanquished

Notes
Turn   | Place    | Note
-------+----------+-------------------------------------------
     0 | D:1      | KittyFluff the Gargoyle Berserker began the quest for the
                  | Orb.
     0 | D:1      | Reached XP level 1. HP: 14/14 MP: 1/1
    85 | D:1      | Reached XP level 2. HP: 19/19 MP: 2/2
   345 | D:1      | Found a faded altar of an unknown god.
   596 | D:1      | Reached XP level 3. HP: 22/23 MP: 3/3
   847 | D:2      | Noticed Terence
   858 | D:2      | Killed Terence
   858 | D:2      | Reached ** piety under Trog
   859 | D:2      | Reached skill level 4 in Maces & Flails
   859 | D:2      | Reached XP level 4. HP: 7/29 MP: 4/4
  1598 | D:2      | Noticed Robin
  1618 | D:2      | HP: 2/43 [goblin/+0 dagger[Robin] (1)]
  1620 | D:2      | Killed from afar by Robin

Illustrated notes

Levels and vault maps discovered:
D:1:      dpeg_arrival_simpleton_b, layout_loops_cross,
          ebering_ecumenical_altar_sacrificial, minmay_tall_x
D:2:      layout_basic, minmay_misc_feat_square, st_stairs_6, uniq_robin,
          uniq_terence

Skill      XL: |  1  2  3  4 |
---------------+-------------+-----
Maces & Flails | 4 |  4.2
Dodging        | 2 |  2.0
Fighting       | |  3.8
Armour         | |  2.7
Stealth        | |  0.1
Shields        | |  0.4

Action                     |  1- 3 |  4- 6 || total
---------------------------+-------+-------++-------
  Melee: Mace              |    97 |    73 ||   170
 Invoke: Berserk           |       |     1 ||     1
 Armour: Animal skin       |    26 |     4 ||    30
         Leather armour    |       |    30 ||    30
  Dodge: Dodged            |    62 |    51 ||   113
  Block: Buckler           |    12 |    12 ||    24
